 Seeded DCSS version 0.26-a0-1101-g8f9f7f7 (webtiles) character file.

Game seed: 5021797928989762343 (custom seed)

3527 Illumine the Slinger (level 10, -1/46 (66) HPs)
             Began as a Halfling Earth Elementalist on Dec 14, 2020.
             Was a Follower of Okawaru.
             Slain by a wight
             ... wielding a cursed +4 spear
              (3 damage)
             ... on level 6 of the Dungeon on Dec 15, 2020.
             The game lasted 00:24:12 (10448 turns).

Illumine the Slinger (Halfling Earth Elementalist) Turns: 10448, Time: 00:24:13

HP:   -1/46 (66)    AC:  4    Str: 12    XL:     10   Next: 29%
MP:   12/12         EV: 19    Int: 13    God:    Okawaru [*.....]
Gold: 323           SH:  0    Dex: 16    Spells: 11/12 levels left

rFire    . . .     SeeInvis .   q - +2 dagger (flame)
rCold    . . .     Faith    +   (shield restricted)
rNeg     . . .     Spirit   .   u - +0 troll leather armour
rPois    .         Reflect  .   (no helmet)
rElec    .         Harm     .   (no cloak)
rCorr    .         Rampage  .   (no gloves)
Will     .....                  (no boots)
Stlth    ++........             o - amulet of faith
HPRegen  0.55/turn              g - ring of wizardry
MPRegen  0.13/turn              (no ring)

@: very heavily drained
A: small, mutation resistance 1
a: Heroism, Renounce Religion


You were on level 6 of the Dungeon.
You worshipped Okawaru.
Okawaru was aware of your devotion.
You visited 1 branch of the dungeon, and saw 7 of its levels.

You collected 323 gold pieces.

Inventory:

Hand Weapons
 a - a +0 hunting sling
 b - a +1 dagger of venom
 d - a +0 club
 e - a +0 dagger of draining
 q - a +2 dagger of flaming (weapon)
 t - a +3 scimitar
Missiles
 f - 32 sling bullets
 l - 108 stones (quivered ammo)
 s - 53 poisoned darts
Armour
 c - a +0 robe
 h - a +1 scale mail
 k - a +0 chain mail
 u - a +0 troll leather armour (worn)
Jewellery
 g - a ring of wizardry (left hand)
 o - an amulet of faith (around neck)
Scrolls
 i - 2 scrolls of identify
 j - 2 scrolls of remove curse
 m - 2 scrolls of magic mapping
 n - a scroll of amnesia
 p - 4 scrolls of teleportation
 r - a scroll of enchant weapon
 w - a scroll of fear
 y - a scroll of blinking {unknown}
Potions
 v - a potion of flight {unknown}
 x - 2 potions of might {unknown}


   Skills:
 + Level 5.4 Fighting
 + Level 5.6 Short Blades
 - Level 12.0 Slings
 + Level 4.3 Armour
 + Level 7.1 Dodging
 - Level 2.1 Stealth
 - Level 1.7 Spellcasting
 - Level 0.7 Transmutations
 - Level 3.1 Earth Magic
 + Level 1.5 Invocations


You had 11 spell levels left.
You knew the following spells:

 Your Spells              Type           Power        Failure   Level
a - Sandblast             Erth           #.....       3%          1

Your spell library contained the following spells:

 Spells                   Type           Power        Failure   Level
 Passwall                 Tmut/Erth      #.......     9%          2
 Stone Arrow              Conj/Erth      #.....       21%         3
 Petrify                  Tmut/Erth      #.......     50%         4
 Lee's Rapid Deconstruct  Erth           #.........   65%         5


Dungeon Overview and Level Annotations

Branches:
Dungeon (7/15)             Temple (0/1) D:6

Altars:
Cheibriados
Elyvilon
Hepliaklqana
Okawaru
Sif Muna
Wu Jian
Xom
Yredelemnul


Innate Abilities, Weirdness & Mutations

You are small and have problems with some larger weapons.
You are somewhat resistant to further mutation.


Message History

The wight barely misses you.
You closely miss the wight.
The wight is severely damaged.
You hit the wight but do no damage.
The wight is severely damaged.
The wight hits you with a cursed +4 spear.
You hit the wight but do no damage.
The wight is severely damaged.
The wight hits you with a cursed +4 spear!
* * * LOW HITPOINT WARNING * * *
You feel drained.
* * * LOW HITPOINT WARNING * * *
You hit the wight. You burn the wight.
The wight is almost destroyed.
You closely miss the wight.
The wight is almost destroyed.
The wight hits you with a cursed +4 spear!
* * * LOW HITPOINT WARNING * * *
You feel drained.
You die...

†............##........###....#..
..####.......###......####......♣
....####.....##........##.......#
#....##............[....#...#...#
......#.....................#...#
.......................#........#
.........#......#......#........#
........##.......).........###..#
................@#......#.## #...
................z>......#.# ####
......#...........[.....### #
......#................[##
....#....>...............#
...##..##.#..............#
......###..............###
......##.....##.......##
...........##.......###


You could see a wight.

Vanquished Creatures
  2 trolls
  Sigmund (D:4)
  6 yaks (D:4)
  4 sky beasts (D:5)
  2 ogres
  A centaur (D:6)
  2 bullfrogs (D:6)
  2 scorpions
  5 wights
  A howler monkey (D:5)
  A hound (D:4)
  2 centaur skeletons
  4 orc priests
  A jelly (D:6)
  Jessica (D:2)
  2 iguanas
  10 orc wizards
  4 worker ants
  A hound zombie (D:5)
  9 gnolls
  6 adders
  2 shadow imps
  2 white imps (D:6)
  An ufetubus (D:5)
  An ooze (D:5)
  4 worms
  5 dart slugs
  3 leopard geckos
  13 orcs
  4 bats (D:2)
  A giant cockroach (D:1)
  9 goblins
  13 hobgoblins
  4 jackals (D:4)
  4 quokkas
  A ball python (D:2)
  2 frilled lizards
  A giant cockroach zombie (D:5)
  A jackal skeleton (D:4)
  10 kobolds
  2 quokka zombies
  8 rats
158 creatures vanquished.

Notes
Turn   | Place    | Note
-------+----------+-------------------------------------------
     0 | D:1      | Illumine the Halfling Earth Elementalist began the quest
                  | for the Orb.
     0 | D:1      | Reached XP level 1. HP: 11/11 MP: 3/3
   236 | D:1      | Reached XP level 2. HP: 15/17 MP: 4/4
   422 | D:1      | Reached skill level 1 in Short Blades
   802 | D:2      | Reached XP level 3. HP: 22/22 MP: 5/5
   936 | D:2      | Found a faded altar of an unknown god.
   945 | D:2      | Reached skill level 1 in Fighting
   945 | D:2      | Reached XP level 4. HP: 19/28 MP: 2/6
  1580 | D:2      | Noticed Jessica
  1582 | D:2      | Killed Jessica
  1583 | D:2      | Reached skill level 1 in Slings
  1583 | D:2      | Reached XP level 5. HP: 33/33 MP: 4/7
  1685 | D:2      | Reached skill level 2 in Slings
  2134 | D:2      | Reached skill level 3 in Slings
  2448 | D:3      | Reached XP level 6. HP: 27/39 MP: 8/8
  3051 | D:3      | Noticed an ogre
  3075 | D:3      | Killed an ogre
  3076 | D:3      | Reached skill level 4 in Slings
  3609 | D:4      | Reached skill level 5 in Slings
  3609 | D:4      | Reached XP level 7. HP: 45/45 MP: 9/9
  3619 | D:4      | Noticed Sigmund
  3680 | D:5      | Entered Level 5 of the Dungeon
  3680 | D:5      | Noticed a yak
  3680 | D:5      | Noticed a yak
  4522 | D:4      | Found a snail-covered altar of Cheibriados.
  4597 | D:4      | Reached skill level 6 in Slings
  4956 | D:5      | Upgraded the game from 0.26-a0-1079-g3a4175e to
                  | 0.26-a0-1101-g8f9f7f7
  5095 | D:5      | Noticed a yak
  5095 | D:5      | Noticed a yak
  5095 | D:5      | Noticed a yak
  5095 | D:5      | Noticed a yak
  5137 | D:4      | Killed a yak
  5138 | D:4      | Reached skill level 7 in Slings
  5138 | D:4      | Reached skill level 5 in Dodging
  5138 | D:4      | Reached XP level 8. HP: 14/52 MP: 10/10
  5422 | D:4      | Killed Sigmund
  5423 | D:4      | Reached skill level 8 in Slings
  5993 | D:4      | Found a bloodstained altar of Trog.
  5995 | D:4      | Found a shimmering altar of Xom.
  5995 | D:4      | Found a radiant altar of Vehumet.
  5997 | D:4      | Found a white marble altar of Elyvilon.
  5997 | D:4      | Found a shimmering blue altar of Sif Muna.
  5997 | D:4      | Found a snail-covered altar of Cheibriados.
  6111 | D:4      | Killed a yak
  6112 | D:4      | Reached skill level 1 in Armour
  6282 | D:4      | Killed a yak
  6532 | D:4      | Killed a yak
  6533 | D:4      | Reached XP level 9. HP: 47/59 MP: 11/11
  6682 | D:5      | Reached skill level 9 in Slings
  7472 | D:5      | Found a shimmering blue altar of Sif Muna.
  7545 | D:5      | Found a shimmering altar of Xom.
  7723 | D:5      | Found an iron altar of Okawaru.
  7758 | D:5      | Became a worshipper of Warmaster Okawaru
  7948 | D:6      | Found a hazy altar of Hepliaklqana.
  7950 | D:6      | Reached skill level 5 in Fighting
  7968 | D:5      | Reached skill level 5 in Short Blades
  8496 | D:6      | Found an ornate altar of the Wu Jian Council.
  8532 | D:6      | Reached * piety under Okawaru
  8564 | D:6      | Reached skill level 10 in Slings
  8569 | D:6      | HP: 2/61 [orc wizard/puff of flame (8)]
  9201 | D:6      | Reached XP level 10. HP: 41/64 MP: 12/12
  9378 | D:6      | Found a white marble altar of Elyvilon.
  9432 | D:6      | Reached skill level 11 in Slings
  9760 | D:6      | Found a staircase to the Ecumenical Temple.
  9806 | D:6      | Reached skill level 12 in Slings
  9909 | D:6      | Found a basalt altar of Yredelemnul.
 10049 | D:7      | Reached skill level 1 in Invocations
 10448 | D:6      | HP: 2/48 [wight/cursed +4 spear (7)]
 10448 | D:6      | Slain by a wight

Illustrated notes

Levels and vault maps discovered:
D:1:      psy_arrival_terrarium, layout_loops_ring, serial_glass,
          glass_columns_b, glass_columns_b, item_on_display_a, feat_on_display,
          minmay_misc_feat_more_columns
D:2:      layout_loops_corners, chequers_ecumenical_altar_island,
          corexii_leaking_fountain, uniq_jessica
D:3:      layout_rooms
D:4:      layout_cave_pools, cheibriados_altar_1, doesnt_xom_only_xom,
          uniq_sigmund
D:5:      layout_loops_ring, okawaru_altar_gauntlet_db, lemuel_doored_altar,
          basic_altar
D:6:      layout_cave_pools, kennysheep_ying_yang, lemuel_round_altar,
          lemuel_crystal_altar, minmay_temple_entry_drinking_statues
D:7:      gammafunk_steamed_eel, layout_basic, ashenzari_conservatory_becter,
          hangedman_ru_absence, gammafunk_temple_overflow_pools,
          minmay_crossroads

Skill      XL: |  1  2  3  4  5  6  7  8  9 10 |
---------------+-------------------------------+-----
Short Blades   | 1 2 3 5 |  5.6
Fighting       | 1 2 3 4 5 |  5.4
Dodging        | 3 4 5 6 7 |  7.1
Slings         | 1 3 5 7 8 10 12 | 12.0
Armour         | 2 3 4 |  4.3
Invocations    | 1 |  1.5
Stealth        | |  2.1
Spellcasting   | |  1.7
Transmutations | |  0.7
Earth Magic    | |  3.1

Action                   |  1- 3 |  4- 6 |  7- 9 | 10-12 || total
-------------------------+-------+-------+-------+-------++-------
Melee: Dagger            |    36 |    40 |   300 |    90 ||   466
       Club              |       |     1 |       |       ||     1
       Punch             |       |       |     1 |       ||     1
 Fire: Hunting sling     |       |   104 |   188 |    61 ||   353
Throw: Stone             |     1 |       |       |       ||     1
 Cast: Sandblast         |    11 |    36 |       |       ||    47
Invok: Heroism           |       |       |     1 |       ||     1
  Use: Scroll            |       |     2 |     7 |       ||     9
       Potion            |       |       |     2 |       ||     2
 Stab: Sleeping          |     2 |     2 |     6 |       ||    10
Armor: Robe              |     6 |     7 |     9 |       ||    22
       Skin              |       |       |    42 |       ||    42
       Scale mail        |       |       |    22 |     1 ||    23
       Troll leather arm |       |       |       |     6 ||     6
Dodge: Dodged            |    21 |    59 |   221 |    79 ||   380

Table legend: (Time is in decaauts)
 A = Elapsed time spent in this place.
 B = Non-inter-level travel time spent in this place.
 C = Inter-level travel time spent in this place.
 D = Time resting spent in this place.
 E = Time spent auto-exploring this place.
 F = Levels seen in this place.
 G = Mean time per level.
                   A        B        C        D        E       F      G
               +--------+--------+--------+--------+--------+-----+--------+
         Total |  10275 |   9943 |    332 |   4255 |   3776 |   7 | 1467.9 |
       Dungeon |  10275 |   9943 |    332 |   4255 |   3776 |   7 | 1467.9 |
               +--------+--------+--------+--------+--------+-----+--------+

Top non-repeatable levels by time:
     D:4: 2542 daAuts
     D:3: 1774 daAuts
     D:5: 1743 daAuts
     D:6: 1668 daAuts
     D:2: 1425 daAuts
     D:1: 792 daAuts
     D:7: 329 daAuts
